 Dungeon Crawl Stone Soup version 0.31-a0-705-ga145531891 (webtiles) character file.

Game seed: 17288565716066072609

567 qw the Shooter (level 7, -2/44 HPs)
             Began as a Gargoyle Hunter on Sept 9, 2023.
             Slain by Duvessa
             ... wielding a +2 short sword of holy wrath
              (5 damage)
             ... on level 4 of the Dungeon.
             The game lasted 00:01:11 (3123 turns).

qw the Shooter (Gargoyle Hunter)                    Turns: 3123, Time: 00:01:12

Health: -2/44      AC: 10    Str: 14    XL:     7   Next: 33%
Magic:  7/7        EV: 17    Int: 10    God:
Gold:   165        SH:  0    Dex: 15    Spells: 6/6 levels left

rFire   . . .        Y - +0 shortbow (drain)
rCold   . . .        (shield currently unavailable)
rNeg    + . .        l - +0 troll leather armour {Pargi}
rPois   inf          (no helmet)
rElec   +            (no cloak)
rCorr   .            g - +1 pair of gloves
SInv    .            (no boots)
Will    .....        (no amulet)
Stlth   ++           i - +5 ring of evasion
HPRegen 1.07/turn    (no ring)
MPRegen 0.10/turn

%: no passive effects
@: about to teleport
A: sickness immunity, AC +4, negative energy resistance 1, electricity
resistance, torment resistance 1, petrification resistance
a: no special abilities


You were on level 4 of the Dungeon.
You visited 1 branch of the dungeon, and saw 4 of its levels.

You collected 165 gold pieces.


Innate Abilities, Weirdness & Mutations

You are immune to sickness and miasma.
Your stone body is resilient. (AC +4)
You are immune to poison.
You resist negative energy. (rN+)
You are resistant to electric shocks. (rElec)
You are resistant to unholy torment.
You are immune to petrification.


   Skills:
 - Level 4.7 Fighting
 + Level 7.0 Ranged Weapons
 - Level 1.1 Armour
 - Level 2.7 Dodging
 - Level 1.1 Stealth


You had 6 spell levels left.
You didn't know any spells.
Your spell library was empty.

Inventory:

Hand Weapons
 Y - a +0 shortbow of draining (weapon)
Armour
 g - a +1 pair of gloves (worn)
 l - a +0 troll leather armour (worn) {Pargi}
Jewellery
 i - a +5 ring of evasion (left hand)
Scrolls
 a - 2 scrolls of teleportation
 e - a scroll of immolation {unknown}
 m - a scroll of identify
Potions
 b - a potion of lignification {unknown}
 c - a potion of might {unknown}
 d - a potion of cancellation {unknown}
 h - 2 potions of curing
 j - a potion of degeneration {unknown}
 k - 2 potions of heal wounds {unknown}

Dungeon Overview and Level Annotations

Branches:
Dungeon (4/15)
 Temple: D:4-7

Altars:
Ashenzari
Kikubaaqudgha
Yredelemnul

Shops:
D:3 (

Annotations:
D:4 exclusion: gnoll, Duvessa


Message History

The arrow hits the goblin but does no damage.
You drain the goblin.
You kill the goblin!
Found a dagger.
e - a scroll labelled LYSSES SYUGH
Found a robe.
Duvessa, Sister of Dowan comes into view.
She is wielding a +2 short sword of holy wrath.
Duvessa goes berserk!
Enter note:
Enter note: You shoot an arrow.
The arrow barely misses Duvessa.
Duvessa rages.
You shoot an arrow. The arrow hits Duvessa.
You drain Duvessa.
Duvessa is lightly wounded.
You shoot an arrow. The arrow hits Duvessa.
Duvessa is lightly wounded.
Duvessa hits you with a +2 short sword of holy wrath.
Duvessa hits you with a +2 short sword of holy wrath!
You shoot an arrow. The arrow closely misses Duvessa.
Duvessa hits you with a +2 short sword of holy wrath.
You shoot an arrow. The arrow barely misses Duvessa.
Duvessa closely misses you. Duvessa completely misses you.
You shoot an arrow. The arrow closely misses Duvessa.
Duvessa hits you with a +2 short sword of holy wrath!
You shoot an arrow. The arrow hits Duvessa.
You drain Duvessa.
Duvessa is moderately wounded.
Duvessa completely misses you.
Duvessa hits you with a +2 short sword of holy wrath.
You shoot an arrow. The arrow closely misses Duvessa.
Duvessa misses you. x2
You shoot an arrow.
The arrow hits Duvessa but does no damage.
Duvessa is moderately wounded.
Duvessa hits you with a +2 short sword of holy wrath!
3123 ||| READING 3 scrolls of teleportation.
As you read the scroll of teleportation, it crumbles to dust.
You feel strangely unstable. Duvessa barely misses you.
Duvessa hits you with a +2 short sword of holy wrath.
You die...

###.####.#.#.####.####.#.#.####.#
..#.#....#.#....#.#....#.#....#.#
#.#.#.####.####.#.#.####.####.#.#
..#.#...........#.#...........#.#
###.#############.#############.#
.................................
.#######.###.####..############.#
.#######.###.#.........######...#
.##............#@.............###
...............e.................
.#...###............##.#.#######.
......)..).)......#.##.#.# #.
..................#.##.#.# #.
.....................#...# #.
#..................#..[..# #.
.....##..........#...##.### ##[
###.###.......#...........# #..


You could see Duvessa (berserk, very drained).

Vanquished Creatures
  Pargi (D:3)
  A black bear (D:4)
  An ogre (D:4)
  Dowan (D:4)
  2 orc wizards (D:4)
  Ijyb (D:3)
  6 adders
  4 gnolls (D:4)
  An ufetubus (D:4)
  A worm (D:3)
  7 orcs
  7 bats
  3 endoplasms
  A giant cockroach (D:4)
  6 goblins
  4 hobgoblins
  7 kobolds
  A quokka (D:1)
  8 ball pythons
  2 frilled lizards
  2 rats
67 creatures vanquished.

Notes
Turn   | Place    | Note
-------+----------+-------------------------------------------
     0 | D:1      | qw the Gargoyle Hunter began the quest for the Orb.
     0 | D:1      | Reached XP level 1. HP: 12/12 MP: 1/1
     0 | D:1      | 0 ||| qw: Version: 0.3-a-80-g6052c40
     0 | D:1      | 0 ||| qw: Game counter: 1324
     0 | D:1      | 0 ||| qw: Melee chars always use a shield: true
     0 | D:1      | 0 ||| qw: God list: Okawaru
     0 | D:1      | 0 ||| qw: Allow faded altars: false
     0 | D:1      | 0 ||| qw: Do Orc after clearing Dungeon:15 true
     0 | D:1      | 0 ||| qw: Do second Lair branch before Depths: true
     0 | D:1      | 0 ||| qw: Lair rune preference: random
     0 | D:1      | 0 ||| qw: Goals: Normal
     0 | D:1      | 0 ||| PLANNING D:1-11
   182 | D:1      | Reached XP level 2. HP: 17/17 MP: 2/2
   470 | D:1      | 470 ||| READING 2 scrolls labelled DOUREA CIANWU.
   475 | D:1      | 475 ||| READING scroll labelled USI RISABLATIA.
   476 | D:1      | 476 ||| READING scroll labelled PATTUXK ITIQ.
   477 | D:1      | 477 ||| DROPPING scroll of butterflies.
   533 | D:2      | Reached XP level 3. HP: 21/21 MP: 3/3
   586 | D:2      | Reached skill level 5 in Ranged Weapons
   912 | D:2      | 912 ||| UPGRADING to +0 ring mail.
   922 | D:2      | 922 ||| DROPPING +0 leather armour.
   923 | D:2      | 923 ||| READING scroll labelled MICIAR FAREBBI.
   924 | D:2      | 924 ||| DRINKING 2 brown potions.
  1170 | D:2      | Found a faded altar of an unknown god.
  1174 | D:2      | Reached skill level 1 in Armour
  1174 | D:2      | Reached XP level 4. HP: 26/27 MP: 4/4
  1233 | D:2      | 1233 ||| UPGRADING to +1 pair of gloves.
  1238 | D:2      | 1238 ||| DROPPING ring of flight.
  1239 | D:2      | 1239 ||| READING scroll labelled ITIEM GUALA.
  1501 | D:3      | Found an ancient bone altar of Kikubaaqudgha.
  1574 | D:3      | Noticed Ijyb
  1576 | D:3      | 1576 ||| FLEEEEING.
  1577 | D:3      | 1577 ||| FLEEEEING.
  1869 | D:3      | Reached skill level 3 in Fighting
  1888 | D:3      | Found Emoanow's Weapon Shop.
  1889 | D:3      | Noticed Pargi
  1897 | D:3      | Killed Pargi
  1898 | D:3      | Reached skill level 6 in Ranged Weapons
  1898 | D:3      | Reached XP level 5. HP: 32/32 MP: 5/5
  2164 | D:3      | Killed Ijyb
  2214 | D:3      | 2214 ||| UPGRADING to +0 troll leather armour {Pargi}.
  2224 | D:3      | 2224 ||| DROPPING +0 ring mail.
  2225 | D:3      | 2225 ||| UPGRADING to +5 ring of evasion.
  2226 | D:3      | 2226 ||| READING scroll labelled WOSEC RIUC.
  2363 | D:4      | Noticed an ogre
  2370 | D:4      | Killed an ogre
  2371 | D:4      | Reached XP level 6. HP: 21/39 MP: 6/6
  2722 | D:4      | Identified the +1 robe of Prudence {Rampage rElec rN+
                  | Dex+3}
  2734 | D:4      | Noticed Dowan
  2736 | D:4      | 2736 ||| DROPPING +1 robe of Prudence {Rampage rElec rN+
                  | Dex+3}.
  2744 | D:4      | Killed Dowan
  2745 | D:4      | Reached XP level 7. HP: 44/44 MP: 7/7
  2749 | D:4      | 2749 ||| DROPPING ring of magical power.
  2762 | D:4      | Reached skill level 7 in Ranged Weapons
  2887 | D:4      | Found a broken altar of Ashenzari.
  2891 | D:4      | Found a basalt altar of Yredelemnul.
  3112 | D:4      | Noticed Duvessa
  3122 | D:4      | HP: 1/44 [Duvessa/+2 short sword of holy wrath (13)]
  3123 | D:4      | 3123 ||| READING 3 scrolls of teleportation.
  3123 | D:4      | Slain by Duvessa

Levels and vault maps discovered:
D:1:      psy_arrival_terrarium, layout_basic
D:2:      layout_basic, ebering_ecumenical_altar_abandoned
D:3:      layout_basic, mainiacjoe_overflow_boulevard, serial_shops, shop,
          grunt_ministairs_6, hangedman_decor_growths, uniq_pargi, uniq_ijyb
D:4:      layout_loops_ring, mainiacjoe_overflow_catwalk_spiral,
          roderic_lattice_a, uniq_duvessa

Skill      XL: |  1  2  3  4  5  6  7 |
---------------+----------------------+-----
Ranged Weapons | 5 6 7 |  7.0
Armour         | 1 |  1.1
Fighting       | 3 4 |  4.7
Dodging        | 2 |  2.7
Stealth        | |  1.1

Action                     |  1- 3 |  4- 6 |  7- 9 || total
---------------------------+-------+-------+-------++-------
   Fire: Shortbow          |    82 |   111 |    37 ||   230
    Use: Scroll            |     4 |     2 |     1 ||     7
         Potion            |     1 |       |       ||     1
 Armour: Leather armour    |    16 |       |       ||    16
         Ring mail         |     3 |    13 |       ||    16
         Skin              |       |     6 |       ||     6
         Troll leather arm |       |    25 |     7 ||    32
  Dodge: Dodged            |    15 |    32 |     6 ||    53

Table legend:
 A = Non-vault XP
 B = Vault XP
 C = Vault XP percentage of total XP
 D = Non-vault monster count
 E = Vault monster count
 F = Vault count percentage of total count
                 A         B        C        D         E       F
            +---------+---------+-------+---------+---------+-------
      Total |     564 |     247 |  30.5 |      62 |       5 |   7.5
            +---------+---------+-------+---------+---------+-------
        D:1 |      26 |       0 |   0.0 |      15 |       0 |   0.0
        D:2 |      68 |       0 |   0.0 |      18 |       0 |   0.0
        D:3 |      12 |     175 |  93.6 |       5 |       4 |  44.4
        D:4 |     458 |      72 |  13.6 |      24 |       1 |   4.0
            +---------+---------+-------+---------+---------+-------
